 Dungeon Crawl Stone Soup version 0.29.1-2-gbd0b4ee654 (webtiles) character file.

Game seed: 3104084196769108646

102 GorkyZ the Magician (level 4, -2/24 HPs)
             Began as a Gargoyle Hedge Wizard on Nov 15, 2022.
             Slain by a gnoll
             ... wielding a +0 club
              (4 damage)
             ... on level 2 of the Dungeon.
             The game lasted 00:24:27 (4396 turns).

GorkyZ the Magician (Gargoyle Hedge Wizard)         Turns: 4396, Time: 00:24:27

Health: -2/24      AC:  6    Str: 16 (18) XL:     4   Next: 78%
Magic:  6/9        EV: 11    Int: 13 (15) God:
Gold:   93         SH:  0    Dex:  5 (8)  Spells: 3/10 levels left

rFire   + . .      SeeInvis .   a - +0 dagger
rCold   . . .      Faith    .   (no shield)
rNeg    + . .      Spirit   .   b - +1 robe
rPois   ∞          Reflect  .   c - +0 hat
rElec   +          Harm     .   (no cloak)
rCorr   .          Rampage  .   (no gloves)
Will    .....                   (no boots)
Stlth   +.........              (no amulet)
HPRegen 0.08/turn               (no ring)
MPRegen 0.11/turn               (no ring)

@: no status effects
A: sickness immunity, AC +3, negative energy resistance 1, electricity
resistance, torment resistance 1, petrification resistance, fire resistance 1,
strong 1, subdued magic 1
a: no special abilities


You were on level 2 of the Dungeon.
You visited 1 branch of the dungeon, and saw 3 of its levels.

You collected 93 gold pieces.

Inventory:

Hand Weapons
 a - a +0 dagger (weapon)
Armour
 b - a +1 robe (worn)
 c - a +0 hat (worn)
Jewellery
 e - a ring of resist corrosion
Scrolls
 f - a scroll of summoning
Potions
 d - 2 potions of magic
 g - a potion of heal wounds
 h - a potion of curing


   Skills:
 + Level 0.5 Fighting
 + Level 2.0 Dodging
 - Level 2.3 Stealth
 + Level 3.5 Spellcasting
 * Level 2.2 Conjurations
 - Level 1.2 Summonings
 - Level 2.0 Translocations
 * Level 0.1 Air Magic
 * Level 0.7 Poison Magic


You had 3 spell levels left.
You knew the following spells:

 Your Spells              Type           Power      Damage    Failure   Level
a - Magic Dart            Conj           24%        1d4       7%          1
b - Blink                 Tloc           10%        N/A       12%         2
c - Mephitic Cloud        Conj/Pois/Air  3%         N/A       36%         3
d - Apportation           Tloc           10%        N/A       8%          1

Your spell library contained the following spells:

 Spells                   Type           Power      Damage    Failure   Level
 Summon Small Mammal      Summ           16%        N/A       11%         1
 Call Imp                 Summ           4%         N/A       17%         2
 Necrotise                Necr           4%         1d4       19%         1
 Slow                     Hex            4%         N/A       19%         1
 Conjure Flame            Conj/Fire      4%         6-21      34%         3


Dungeon Overview and Level Annotations

Branches:
Dungeon (3/15)

Altars:

Annotations:
D:2 Robin


Innate Abilities, Weirdness & Mutations

You are immune to sickness and miasma.
Your stone body is resilient. (AC +3)
You are immune to poison.
You resist negative energy. (rN+)
You are resistant to electric shocks. (rElec)
You are resistant to unholy torment.
You are immune to petrification.
Your flesh is heat resistant. (rF+)
Your muscles are strong. (Str +4, Int/Dex -1)
Your spells are a little easier to cast, but a little less powerful.


Message History

You are very lightly contaminated with residual magic.
Nothing appears to happen.
The gnoll hits you with a +0 club.
Aiming: Magic Dart (safe; 7% risk of failure)
Press: ? - help, Q - select action, (/) - cycle Shift-Dir - straight line, f/p - gnoll
Aim: a gnoll, wielding a +0 club (100% to hit)
The magic dart hits the gnoll but does no damage.
The gnoll barely misses you.
Aiming: Magic Dart (safe; 7% risk of failure)
Press: ? - help, Q - select action, (/) - cycle Shift-Dir - straight line, f/p - gnoll
Aim: a gnoll, wielding a +0 club (100% to hit)
The magic dart hits the gnoll.
The gnoll is lightly wounded.
The gnoll hits you with a +0 club.
Aiming: Magic Dart (safe; 7% risk of failure)
Press: ? - help, Q - select action, (/) - cycle Shift-Dir - straight line, f/p - gnoll
Aim: a gnoll, wielding a +0 club (lightly wounded, 100% to hit)
The magic dart hits the gnoll.
The gnoll is lightly wounded.
The gnoll hits you but does no damage.
You hit the gnoll but do no damage.
The gnoll is lightly wounded.
The gnoll hits you with a +0 club.
* * * LOW HITPOINT WARNING * * *
The gnoll attacks as you move away! The gnoll barely misses you.
The gnoll attacks as you move away! The gnoll hits you with a +0 club.
* * * LOW HITPOINT WARNING * * *
Your magical contamination has completely faded away.
You closely miss the gnoll.
The gnoll is lightly wounded.
You hit the gnoll.
The gnoll is lightly wounded.
The gnoll hits you with a +0 club.
* * * LOW HITPOINT WARNING * * *
The gnoll barely misses you. The gnoll attacks as you move away!
The gnoll closely misses you. The gnoll hits you with a +0 club.
* * * LOW HITPOINT WARNING * * *
The gnoll attacks as you move away! The gnoll hits you with a +0 club.
You die...

#..................#.# ###....
##########...#.....#.###......
##.#.>.............#.
###)#......###.##.#.
#.##.##.## #.##.). #g##.##.#
#.#.... #.##.##.# #.#.##.
#gg.....# #...... #@......#
#.....# #.##.##.# #.....#
#.##..#.# #.....# #.###.#.#
#.....# #.###.#.# #######
#.......## ###### ##.......#
#...<. #.##.##.# #.####
#.##.##.## #.#


You could see 2 gnolls and a goblin.

Vanquished Creatures
  3 adders
  3 dart slugs (D:1)
  3 ball pythons
  9 endoplasms
  3 giant cockroaches
  8 goblins
  3 hobgoblins (D:2)
  8 kobolds
  4 quokkas
  7 bats
  14 rats
65 creatures vanquished.

Vanquished Creatures (collateral kills)
  A ball python (D:1)
1 creature vanquished.

Grand Total: 66 creatures vanquished

Notes
Turn   | Place    | Note
-------+----------+-------------------------------------------
     0 | D:1      | GorkyZ the Gargoyle Hedge Wizard began the quest for the
                  | Orb.
     0 | D:1      | Reached XP level 1. HP: 10/10 MP: 4/4
   240 | D:1      | Reached skill level 1 in Translocations
   240 | D:1      | Reached XP level 2. HP: 15/15 MP: 3/6
   400 | D:1      | Gained mutation: Your spells are a little easier to cast,
                  | but a little less powerful. [potion of mutation]
   400 | D:1      | Gained mutation: Your flesh is heat resistant. (rF+)
                  | [potion of mutation]
   400 | D:1      | Gained mutation: Your muscles are strong. (Str +4, Int/Dex
                  | -1) [potion of mutation]
   610 | D:1      | Reached skill level 1 in Summonings
  1202 | D:1      | Reached XP level 3. HP: 16/19 MP: 2/7
  1447 | D:1      | Learned a level 2 spell: Blink
  2095 | D:2      | Noticed Robin
  2887 | D:2      | Reached XP level 4. HP: 24/24 MP: 5/9
  2934 | D:2      | Learned a level 3 spell: Mephitic Cloud
  3181 | D:2      | Learned a level 1 spell: Apportation
  4396 | D:2      | Slain by a gnoll

Illustrated notes

Levels and vault maps discovered:
D:1:      elethiomel_arrival_diamonds, layout_loops_corners,
          minmay_strange_pillars
D:2:      minmay_chambers_of_twos, layout_loops_cross, uniq_robin
D:3:      minmay_thinvault, layout_loops_ring, marbit_many_paths,
          mainiacjoe_overflow_24_doors, basic_ecumenical_altar,
          minmay_misc_feat_diagonals, patterned_corridor,
          uniq_crazy_yiuf_cottage, uniq_jessica, uniq_ijyb

Skill      XL: |  1  2  3  4 |
---------------+-------------+-----
Translocations | 1 2 |  2.0
Summonings     | 1 |  1.2
Dodging        | 2 |  2.0
Conjurations   | 2 |  2.2
Fighting       | |  0.5
Stealth        | |  2.3
Spellcasting   | |  3.5
Air Magic      | |  0.1
Poison Magic   | |  0.7

Action                   |  1- 3 |  4- 6 || total
-------------------------+-------+-------++-------
Melee: Dagger            |    73 |    18 ||    91
       Punch             |     2 |       ||     2
 Cast: Magic Dart        |   109 |    54 ||   163
       Blink             |       |     2 ||     2
  Use: Potion            |     3 |     8 ||    11
       Scroll            |     3 |     1 ||     4
Armor: Robe              |    31 |    26 ||    57
Dodge: Dodged            |    51 |    53 ||   104
